 Dungeon Crawl Stone Soup version 0.28-a0-794-gafe8c5f9e9 (webtiles) character file.

Game seed: 13144582463999386031

2242 Duder the Basher (level 9, -2/118 HPs)
             Began as a Minotaur Berserker on Nov 5, 2021.
             Was a Priest of Trog.
             Slain by an eight-headed hydra (6 damage)
             ... on level 6 of the Dungeon.
             The game lasted 00:12:33 (6645 turns).

Duder the Basher (Minotaur Berserker)               Turns: 6645, Time: 00:12:33

Health: -2/118     AC: 10    Str: 24    XL:     9   Next: 14%
Magic:  8/8        EV: 12    Int:  4    God:    Trog [***...]
Gold:   302        SH:  4    Dex: 11    Spells: 8/8 levels left

rFire   . . .      SeeInvis .   b - +0 whip (venom)
rCold   . . .      Faith    .   e - +0 buckler
rNeg    . . .      Spirit   .   i - +0 scale mail
rPois   .          Reflect  .   (helmet restricted)
rElec   .          Harm     .   k - +0 cloak
rCorr   .          Rampage  .   t - +0 pair of gloves
Will    ++...                   (no boots)
Stlth   ..........              (no amulet)
HPRegen 1.29/turn               (no ring)
MPRegen 0.11/turn               (no ring)

@: berserking, strong-willed, regenerating, very quick
A: horns 2, retaliatory headbutt
a: Renounce Religion, Berserk, Trog's Hand


You were on level 6 of the Dungeon.
You worshipped Trog.
Trog was most pleased with you.
You visited 1 branch of the dungeon, and saw 7 of its levels.
You also visited: Ossuary.

You collected 322 gold pieces.
You spent 20 gold pieces at shops.

Inventory:

Hand Weapons
 b - a +0 whip of venom (weapon)
Missiles
 d - 178 stones (quivered)
 g - 6 poisoned darts
 u - a curare-tipped dart
Armour
 e - a +0 buckler (worn)
 i - a +0 scale mail (worn)
 k - a +0 cloak (worn)
 t - a +0 pair of gloves (worn)
 z - the +1 leather armour of Muepnexu {Drain rElec rF+ Str+4}
   (You found it on level 6 of the Dungeon)

   Str:       It affects your strength (+4).
   rF:        It protects you from fire.
   rElec:     It insulates you from electricity.
   Drain:     It drains your maximum health when unequipped.
Jewellery
 s - a ring of resist corrosion
Wands
 o - a wand of charming (6)
 y - a wand of iceblast (7)
Scrolls
 c - 2 scrolls of vulnerability {unknown}
 h - a scroll of noise {unknown}
 m - a scroll of magic mapping {unknown}
 n - 6 scrolls of teleportation {unknown}
 p - 2 scrolls of summoning {unknown}
 q - 3 scrolls of enchant weapon {unknown}
 w - a scroll of fear {unknown}
Potions
 a - 3 potions of haste {unknown}
 f - 2 potions of invisibility
 j - 2 potions of attraction
 l - a potion of brilliance {unknown}
 r - 2 potions of lignification {unknown}
 v - 4 potions of cancellation {unknown}
 x - 3 potions of heal wounds {unknown}
 A - a potion of degeneration {unknown}


   Skills:
 + Level 7.3 Fighting
 * Level 9.9 Maces & Flails
 + Level 6.7 Armour
 + Level 6.2 Dodging
 + Level 2.1 Shields


You had 8 spell levels left.
You didn't know any spells.
Your spell library contained the following spells:

 Spells                   Type           Power      Damage    Failure   Level
 Shock                    Conj/Air       0%         1d3       85%         1
 Swiftness                Air            0%         N/A       99%         3
 Airstrike                Air            0%         N/A       100%        4


Dungeon Overview and Level Annotations

Branches:
Dungeon (7/15)            Ossuary (visited)
 Temple: D:4-7

Altars:
Cheibriados

Shops:
D:5 ?


Innate Abilities, Weirdness & Mutations

You have a pair of horns on your head.
You reflexively headbutt those who attack you in melee.


Message History

The eight-headed hydra barely misses you.
The eight-headed hydra bites you but does no damage.
The eight-headed hydra barely misses you.
The kobold closely misses you.
There is a stone staircase leading up here.
The eight-headed hydra bites you. The eight-headed hydra bites you!
You block the eight-headed hydra's attack.
The eight-headed hydra bites you!
The eight-headed hydra bites you but does no damage.
The eight-headed hydra barely misses you.
The eight-headed hydra bites you.
The eight-headed hydra closely misses you.
The kobold hits you but does no damage.
You climb upwards.
There is a stone staircase leading down here.
Your skin crawls.
You feel strong-willed.
You can no longer call in reinforcements.
The eight-headed hydra misses you. The eight-headed hydra bites you. x2
The eight-headed hydra closely misses you.
The eight-headed hydra misses you. The eight-headed hydra bites you!
You block the eight-headed hydra's attack.
The eight-headed hydra bites you but does no damage.
A red film seems to cover your vision as you go berserk!
You feel yourself moving faster!
You feel mighty! The eight-headed hydra bites you! x2
The eight-headed hydra bites you but does no damage.
The eight-headed hydra bites you.
* * * LOW HITPOINT WARNING * * *
The eight-headed hydra bites you!
* * * LOW HITPOINT WARNING * * *
The eight-headed hydra bites you.
* * * LOW HITPOINT WARNING * * *
You block the eight-headed hydra's attack.
The eight-headed hydra bites you!
* * * LOW HITPOINT WARNING * * *
You whack the eight-headed hydra!
The eight-headed hydra is moderately wounded.
The eight-headed hydra bites you.
You die...

#.# #.# #.# #.# #.# #.#
#################.# #.# #
####.................# #.# #
#..........################.# #
#.##.#####...............##.#
####.##.###################.##.#
..............KD@# #.##.#
######..########## #.##.#
........# #.##.# #####...#
#.##.# #...# #.##.# #...# #.##.#
# #...# #.##.## # #...# #.....#
## #...###### #######


You could see an eight-headed hydra and a kobold.

Vanquished Creatures
  A hornet (D:7)
  A steam dragon (D:7)
  A sky beast (D:3)
  A black bear (D:6)
  A hornet zombie (D:6)
  2 ogres
  A centaur (D:4)
  A phantom (D:6)
  A kobold brigand (D:5)
  Blork the orc (D:6)
  2 bullfrogs
  2 scorpions
  5 killer bees (D:6)
  A bullfrog zombie (D:6)
  4 centaur zombies (Ossuary)
  3 hounds
  2 bullfrog skeletons
  Crazy Yiuf (D:3)
  A jelly (D:6)
  An orc priest (D:3)
  An orc wizard (D:4)
  5 mummies
  3 gnolls (D:6)
  6 adders
  A shadow imp (D:7)
  5 white imps
  An ufetubus (D:6)
  3 worms
  A dart slug (D:2)
  7 orcs
  6 ball pythons
  11 endoplasms
  3 giant cockroaches
  3 goblins
  10 hobgoblins
  2 jackals (D:3)
  6 quokkas
  7 bats
  5 frilled lizards
  3 hobgoblin zombies (Ossuary)
  12 kobolds
  A kobold zombie (D:5)
  An orc zombie (D:5)
  A quokka skeleton (D:4)
  6 rats
143 creatures vanquished.

Notes
Turn   | Place    | Note
-------+----------+-------------------------------------------
     0 | D:1      | Duder the Minotaur Berserker began the quest for the Orb.
     0 | D:1      | Reached XP level 1. HP: 19/19 MP: 0/0
    58 | D:1      | You fall into a shaft and drop 1 floor!
   126 | D:1      | Reached XP level 2. HP: 26/27 MP: 1/1
   174 | D:1      | Reached skill level 4 in Maces & Flails
   645 | D:1      | Reached ** piety under Trog
   688 | D:1      | Reached XP level 3. HP: 29/33 MP: 2/2
  1084 | D:2      | Found a snail-covered altar of Cheibriados.
  2106 | D:3      | Reached XP level 4. HP: 35/40 MP: 3/3
  2117 | D:3      | Noticed a sky beast
  2130 | D:3      | Killed a sky beast
  2131 | D:3      | Reached skill level 5 in Maces & Flails
  2131 | D:3      | Reached XP level 5. HP: 19/47 MP: 4/4
  2704 | D:3      | Found a runed translucent door.
  2705 | D:3      | Noticed Crazy Yiuf
  2717 | D:3      | Killed Crazy Yiuf
  2945 | D:4      | Reached XP level 6. HP: 55/55 MP: 5/5
  2952 | D:4      | Reached *** piety under Trog
  2959 | D:4      | Reached skill level 5 in Fighting
  2959 | D:4      | Reached skill level 6 in Maces & Flails
  3601 | D:5      | Entered Level 5 of the Dungeon
  3668 | D:5      | Found Plog's Magic Scroll Shop.
  3675 | D:5      | Reached XP level 7. HP: 40/61 MP: 6/6
  3781 | D:5      | Bought a scroll of identify for 20 gold pieces
  3981 | D:5      | Reached skill level 7 in Maces & Flails
  4252 | D:5      | Found a sand-covered staircase.
  4262 | Ossuary  | Entered an ossuary
  4281 | Ossuary  | Reached skill level 5 in Armour
  4310 | Ossuary  | HP: 1/62 [mummy (9)]
  4925 | D:6      | Reached skill level 8 in Maces & Flails
  4925 | D:6      | Reached skill level 5 in Dodging
  4925 | D:6      | Reached XP level 8. HP: 70/70 MP: 7/7
  5081 | D:6      | Identified the +1 leather armour of Muepnexu {Drain rElec
                  | rF+ Str+4}
  5345 | D:6      | Reached **** piety under Trog
  5552 | D:6      | Reached skill level 9 in Maces & Flails
  5718 | D:6      | Noticed Blork the orc
  5727 | D:6      | Killed Blork the orc
  6374 | D:7      | Reached skill level 1 in Shields
  6389 | D:7      | Noticed a hornet
  6393 | D:7      | Reached XP level 9. HP: 47/79 MP: 8/8
  6395 | D:7      | Paralysed by a hornet for 2 turns
  6407 | D:7      | Noticed an eight-headed hydra
  6644 | D:6      | HP: 4/118 [eight-headed hydra (13)]
  6645 | D:6      | Slain by an eight-headed hydra

Illustrated notes

Levels and vault maps discovered:
D:1:      giann_wishing_wells, layout_basic, minmay_pentomino_u2
D:2:      layout_basic, basic_altar
D:3:      layout_rooms, uniq_crazy_yiuf_cottage
D:4:      layout_basic
D:5:      layout_gridville, serial_shops,
          nicolae_shop_temple_entry_statues_fountains,
          nicolae_ossuary_entry_giza, grunt_decor_mini_mirrors
D:6:      layout_basic, uniq_blork_the_orc
D:7:      layout_rooms, nicolae_ru_sacrificial_ziggurat,
          minmay_temple_entry_trees, uniq_maggie

Skill      XL: |  1  2  3  4  5  6  7  8  9 |
---------------+----------------------------+-----
Maces & Flails | 4 5 6 8 9 |  9.9
Fighting       | 4 5 6 7 |  7.3
Armour         | 3 4 5 6 |  6.7
Dodging        | 3 4 5 6 |  6.2
Shields        | 1 2 |  2.1

Action                   |  1- 3 |  4- 6 |  7- 9 || total
-------------------------+-------+-------+-------++-------
Melee: Mace              |    83 |       |       ||    83
       Headbutt          |    11 |    17 |    53 ||    81
       Whip              |     8 |   104 |   240 ||   352
Throw: Stone             |    15 |       |    14 ||    29
Invok: Berserk           |     1 |     2 |     5 ||     8
       Trog's Hand       |     1 |     1 |     5 ||     7
  Use: Scroll            |       |       |     2 ||     2
       Potion            |       |       |     1 ||     1
 Stab: Invisible         |       |       |     1 ||     1
Armor: Ring mail         |    32 |     8 |       ||    40
       Scale mail        |       |    17 |   136 ||   153
Dodge: Dodged            |    47 |    52 |   132 ||   231
Block: Buckler           |     8 |     8 |    32 ||    48

Table legend: (Time is in decaauts)
 A = Elapsed time spent in this place.
 B = Non-inter-level travel time spent in this place.
 C = Inter-level travel time spent in this place.
 D = Time resting spent in this place.
 E = Time spent auto-exploring this place.
 F = Levels seen in this place.
 G = Mean time per level.
                   A        B        C        D        E       F      G
               +--------+--------+--------+--------+--------+-----+--------+
         Total |   6680 |   6434 |    246 |      0 |   5513 |   8 |  835.0 |
       Dungeon |   6266 |   6020 |    246 |      0 |   5158 |   7 |  895.1 |
       Ossuary |    413 |    413 |      0 |      0 |    355 |   1 |  413.0 |
               +--------+--------+--------+--------+--------+-----+--------+

Top non-repeatable levels by time:
     D:6: 1699 daAuts
     D:2: 1052 daAuts
     D:1: 1051 daAuts
     D:5: 877 daAuts
     D:3: 826 daAuts
     D:4: 717 daAuts
 Ossuary: 413 daAuts
     D:7: 43 daAuts
